 Dungeon Crawl Stone Soup version 0.19.0-18-g426998a (webtiles) character file.

476 lorenzova the Shield-Bearer (level 6, -6/57 HPs)
             Began as a Minotaur Fighter on Nov 12, 2016.
             Mangled by Edmund
             ... wielding a +5 flail of distortion
              (12 damage)
             ... on level 4 of the Dungeon.
             The game lasted 00:07:11 (2302 turns).

lorenzova the Shield-Bearer (Minotaur Fighter)      Turns: 2302, Time: 00:07:12

Health: -6/57      AC: 10    Str: 20    XL:     6   Next: 84%
Magic:  0/14       EV: 12    Int:  5    God:
Gold:   179        SH: 10    Dex: 12    Spells: 0 memorised, 5 levels left

rFire  . . .     SeeInvis .     a - +0 war axe
rCold  . . .     Gourm    .     b - +0 scale mail
rNeg   . . .     Faith    .     c - +0 shield
rPois  .         Spirit   +     (helmet restricted)
rElec  .         Reflect  .     y - +2 cloak
rCorr  .         Harm     .     (no gloves)
MR     .....                    (no boots)
Stlth  ..........               n - amulet of guardian spirit
                                r - ring of magical power
                                h - +3 ring of evasion

@: no status effects
A: retaliatory headbutt, horns 2
a: no special abilities


You were on level 4 of the Dungeon.
You were not hungry.

You visited 1 branch of the dungeon, and saw 4 of its levels.

You collected 179 gold pieces.

Inventory:

Hand Weapons
 a - a +0 war axe (weapon)
Armour
 b - a +0 scale mail (worn)
 c - a +0 shield (worn)
 y - a +2 cloak (worn)
Jewellery
 h - a +3 ring of evasion (left hand)
 m - an uncursed ring of wizardry
 n - an amulet of guardian spirit (around neck)
 r - a ring of magical power (right hand)
Scrolls
 i - 4 scrolls of teleportation {unknown}
 j - 6 scrolls of identify {unknown}
 k - 2 scrolls of blinking {unknown}
 o - 2 scrolls of amnesia {unknown}
 p - a scroll of immolation {unknown}
 s - a scroll of fear {unknown}
 u - a scroll of random uselessness {unknown}
 v - a scroll of magic mapping {unknown}
 w - a scroll of remove curse {unknown}
Potions
 d - a potion of might
 e - 2 potions of degeneration {unknown}
 q - 2 potions of curing {unknown}
 t - a potion of heal wounds {unknown}
 x - a potion of lignification {unknown}
 z - a potion of beneficial mutation {unknown}
 A - a potion of brilliance {unknown}
Comestibles
 f - 3 bread rations
 g - a slice of pizza
 l - 5 meat rations


   Skills:
 * Level 5.7 Fighting
 - Level 2.4 Axes
 * Level 5.8 Armour
 + Level 2.5 Dodging
 * Level 6.0 Shields


You had 5 spell levels left.
You didn't know any spells.

Dungeon Overview and Level Annotations

Branches:
Dungeon (4/15)
 Temple: D:4-7

Altars:
Ru

Annotations:
D:4 Edmund


Innate Abilities, Weirdness & Mutations

You reflexively headbutt those who attack you in melee.
You have a pair of horns on your head.


Message History

Space warps horribly around you!
* * * LOW HITPOINT WARNING * * *
You are too injured to fight recklessly!
You are too injured to fight recklessly!
The orc wizard casts a spell.
The orc wizard blinks!
The orc wizard casts a spell at you. The magic dart hits you!
* * * LOW HITPOINT WARNING * * *
The orc wizard casts a spell at you. The magic dart hits you!
* * * LOW HITPOINT WARNING * * *
The orc priest closely misses you. The orc wizard casts a spell at you.
The magic dart hits you!
* * * LOW HITPOINT WARNING * * *
The orc wizard casts a spell at you. You resist with some effort.
Edmund hits you but does no damage. Space warps horribly around you!
You die...

###+###......+
.............#
.............#
.............#
.............#########
.....................#
....................b###
.........b...o..@<......
#######.†.....o@........
# #........Z........
#######)..........
#a..........
'...........
.#...........
..#........... ..
#........


You could see Edmund, a worker ant, an orc priest, an orc wizard and a leopard
gecko skeleton.

Vanquished Creatures
  Sigmund (D:3)
  A scorpion (D:4)
  Crazy Yiuf (D:3)
  2 orc wizards (D:3)
  3 worker ants (D:4)
  3 adders
  3 worms
  2 dart slugs
  2 leopard geckos (D:1)
  6 orcs
  A ball python (D:3)
  2 giant cockroaches
  11 goblins
  8 hobgoblins
  4 jackals (D:2)
  6 kobolds
  3 bats
  6 frilled lizards
  10 rats
75 creatures vanquished.

Notes
Turn   | Place    | Note
-------+----------+-------------------------------------------
     0 | D:1      | lorenzova the Minotaur Fighter began the quest for the Orb.
     0 | D:1      | Reached XP level 1. HP: 19/19 MP: 0/0
   108 | D:1      | Reached XP level 2. HP: 26/27 MP: 1/1
   309 | D:1      | Reached skill level 4 in Shields
   753 | D:2      | Reached XP level 3. HP: 30/33 MP: 2/2
   794 | D:2      | Reached skill level 1 in Dodging
  1308 | D:3      | Reached XP level 4. HP: 40/40 MP: 3/3
  1505 | D:3      | Reached skill level 5 in Armour
  1814 | D:3      | Found a runed door.
  1818 | D:3      | Noticed Crazy Yiuf
  1829 | D:3      | Killed Crazy Yiuf
  1829 | D:3      | Reached XP level 5. HP: 35/47 MP: 2/4
  1988 | D:4      | Reached skill level 5 in Shields
  2010 | D:4      | Found a sacrificial altar of Ru.
  2050 | D:4      | Noticed Sigmund
  2074 | D:3      | Killed Sigmund
  2074 | D:3      | Reached skill level 5 in Fighting
  2074 | D:3      | Reached XP level 6. HP: 42/56 MP: 5/5
  2176 | D:4      | Noticed Edmund
  2231 | D:4      | Reached skill level 6 in Shields
  2302 | D:4      | Mangled by Edmund

Skill      XL: |  1  2  3  4  5  6 |
---------------+-------------------+-----
Armour         | 4 5 |  5.8
Shields        | 4 5 6 |  6.0
Fighting       | 4 5 |  5.7
Dodging        | 1 2 |  2.5
Axes           | |  2.4

Action                   |  1- 3 |  4- 6 || total
-------------------------+-------+-------++-------
Melee: War axe           |    85 |    90 ||   175
       Headbutt          |    12 |    17 ||    29
  Eat: Chunk             |     1 |     4 ||     5
Armor: Scale mail        |    28 |    32 ||    60
Dodge: Dodged            |    30 |    37 ||    67
Block: Shield            |    43 |    39 ||    82
